 Dungeon Crawl Stone Soup version 0.20.1-1-g8b1a95d (webtiles) character file.

2739 MJtheKandyman the Destroyer (level 9, -16/40 HPs)
             Began as a Deep Elf Fire Elementalist on Dec 24, 2017.
             Was a Believer of Sif Muna.
             Demolished by a two-headed ogre
             ... wielding a +0 dire flail
              (31 damage)
             ... on level 8 of the Dungeon.
             The game lasted 01:45:26 (11797 turns).

MJtheKandyman the Destroyer (DEFE)                 Turns: 11797, Time: 01:45:31

Health: -16/40     AC:  6    Str:  5      XL:     9   Next: 40%
Magic:  18/24      EV: 13    Int: 22 (24) God:    Sif Muna [**....]
Gold:   426        SH:  0    Dex: 13 (15) Spells: 3/14 levels left

rFire    + + +     SeeInvis .   H - +6 dagger of Stickiness {pierce, rF+}
rCold    x . .     Gourm    .   (no shield)
rNeg     . . .     Faith    .   r - +1 robe of Refuge {rElec rF+ rC-}
rPois    .         Spirit   .   (no helmet)
rElec    +         Reflect  .   v - +2 cloak
rCorr    .         Harm     .   (no gloves)
MR       .....                  (no boots)
Stlth    ++........             (no amulet)
Regen    0.2/turn               B - ring of magical power
MPRegen  0.2/turn               (no ring)

@: no status effects
A: talons 1, fire resistance 1, frail 1
a: Divine Energy, Renounce Religion


You were on level 8 of the Dungeon.
You worshipped Sif Muna.
Sif Muna was pleased with you.
You were not hungry.

You visited 2 branches of the dungeon, and saw 9 of its levels.

You collected 426 gold pieces.

Inventory:

Hand Weapons
 k - a +2 quarterstaff of chaos
 l - a +0 short sword
 H - the +6 dagger of Stickiness (weapon) {pierce, rF+}
   (You found it on level 4 of the Dungeon)

   It inflicts extra damage upon your enemies.
   It protects you from fire.
Missiles
 g - 177 stones (quivered)
Armour
 a - a +1 robe
 q - a scarf of cloud immunity
 r - the +1 robe of Refuge (worn) {rElec rF+ rC-}
   (You found it on level 7 of the Dungeon)

   It protects you from fire.
   It makes you vulnerable to cold.
   It insulates you from electricity.
 v - a +2 cloak (worn)
Jewellery
 j - a cursed ring of loudness
 w - an uncursed amulet of harm
 B - a ring of magical power (left hand)
 J - an uncursed ring of protection from magic {unknown}
Wands
 i - a wand of random effects (48/48)
Scrolls
 d - a scroll of fog
 f - 2 scrolls of enchant armour
 h - 4 scrolls of recharging
 o - a scroll of magic mapping
 x - a scroll of enchant weapon
 y - 3 scrolls of immolation
 C - a scroll of remove curse
Potions
 n - a potion of brilliance {unknown}
 p - a potion of agility
 s - a potion of might
 t - a potion of resistance {unknown}
 u - a potion of curing
 z - a potion of heal wounds
Books
 b - a book of Flames

   Spells                             Type                      Level
   a - Flame Tongue                   Conjuration/Fire             1
   b - Throw Flame                    Conjuration/Fire             2
   c - Conjure Flame                  Conjuration/Fire             3
   d - Inner Flame                    Hexes/Fire                   3
   e - Sticky Flame                   Conjuration/Fire             4
   f - Fireball                       Conjuration/Fire             5
Comestibles
 c - 5 bread rations
 m - a meat ration
 A - 2 chunks of flesh
 D - a fruit
 K - a royal jelly


   Skills:
 - Level 2.4 Dodging
 - Level 2.4 Stealth
 - Level 3.0 Spellcasting
 + Level 13.6 Conjurations
 - Level 3.2 Fire Magic


You had 3 spell levels left.
You knew the following spells:

 Your Spells              Type           Power        Failure   Level  Hunger
a - Flame Tongue          Conj/Fire      #####        1%          1    None
b - Throw Flame           Conj/Fire      #####.       1%          2    ##.....
c - Conjure Flame         Conj/Fire      #####...     1%          3    ###....
d - Fireball              Conj/Fire      #####.....   11%         5    ######.


Dungeon Overview and Level Annotations

Branches:
Dungeon (8/15)             Temple (1/1) D:5
   Lair: D:8-11

Altars:
Cheibriados
Dithmenos
Elyvilon
Fedhas
Gozag
Hepliaklqana
Kikubaaqudgha
Makhleb
Nemelex Xobeh
Okawaru
Qazlal
Ru
Sif Muna
Uskayaw
Vehumet
Yredelemnul
Zin
The Shining One

Shops:
D:5 *

Annotations:
D:7 Joseph


Innate Abilities, Weirdness & Mutations

You have sharp toenails.
Your flesh is heat resistant. (rF+)
You are frail. (-10% HP)


Message History

Aiming: Flame Tongue
Press: ? - help, Shift-Dir - straight line, f/p - two-headed ogre
Aim: a two-headed ogre, wielding a dire flail and an enchanted dire flail (flame, moderately wounded)
The flame tongue hits the two-headed ogre.
The two-headed ogre is heavily wounded.
The two-headed ogre is engulfed in blazing flames.
The two-headed ogre hits you with a dire flail!
The two-headed ogre barely misses you.
Casting: Flame Tongue
Confirm with . or Enter, or press ? or * to list all spells.
Aiming: Flame Tongue
Press: ? - help, Shift-Dir - straight line, f/p - two-headed ogre
Aim: a two-headed ogre, wielding a dire flail and an enchanted dire flail (flame, heavily wounded)
The flame tongue hits the two-headed ogre.
The two-headed ogre appears unharmed.
The two-headed ogre is heavily wounded.
The two-headed ogre is engulfed in blazing flames.
The two-headed ogre hits you with a dire flail!!
Ouch! That really hurt!
You die...

###..##..#
#........#
#..(.....#
#........# .
######........# ..
#....').......+ ...
#...########..#
....###O##....#####
.......@.#....#
#+##.....'....#
#...<.##+###
#..<.........
#.....)......
#............
#............
###.....##+#>
#.....#


You could see a two-headed ogre.

Vanquished Creatures
  A hippogriff (D:7)
  Sigmund (D:4)
  A water moccasin (D:6)
  Duvessa (D:6)
  A sky beast (D:7)
  5 ogres
  The ghost of ohad the Chopper, an amateur HOGl (D:3)
  A centaur (D:6)
  A bullfrog (D:7)
  Dowan (D:6)
  2 scorpions
  11 wights (D:6)
  A howler monkey (D:7)
  2 crimson imps
  A hound (D:7)
  A centaur zombie (D:7)
  Crazy Yiuf (D:7)
  3 orc wizards
  Jessica (D:3)
  3 centaur skeletons
  3 iguanas
  4 worker ants
  7 gnolls
  12 adders
  3 shadow imps
  An adder skeleton (D:6)
  2 dart slugs
  2 worms
  6 leopard geckos
  22 orcs
  6 giant cockroaches
  13 goblins
  8 hobgoblins
  2 jackals (D:6)
  4 kobolds
  3 quokkas
  8 bats
  4 frilled lizards
  2 giant cockroach zombies
  7 rats
  A bush (D:7)
  A fungus (D:7)
161 creatures vanquished.

Notes
Turn   | Place    | Note
-------+----------+-------------------------------------------
     0 | D:1      | MJtheKandyman the Deep Elf Fire Elementalist began the quest for the Orb.
     0 | D:1      | Reached XP level 1. HP: 10/10 MP: 6/6
   188 | D:1      | Reached skill level 2 in Conjurations
   331 | D:1      | Reached XP level 2. HP: 15/15 MP: 6/8
   719 | D:1      | Reached skill level 3 in Conjurations
   973 | D:1      | Learned a level 2 spell: Throw Flame
  1054 | D:2      | Reached XP level 3. HP: 19/19 MP: 4/9
  1568 | D:2      | Reached skill level 4 in Conjurations
  1743 | D:2      | Reached XP level 4. HP: 24/24 MP: 0/10
  2319 | D:3      | Reached skill level 5 in Conjurations
  2368 | D:3      | Found a shadowy altar of Dithmenos.
  2495 | D:3      | Reached XP level 5. HP: 28/28 MP: 8/11
  2523 | D:3      | Learned a level 3 spell: Conjure Flame
  2555 | D:3      | Noticed ohad's ghost (amateur HOGl)
  2609 | D:3      | Killed ohad's ghost
  2609 | D:3      | Reached skill level 6 in Conjurations
  2920 | D:3      | Noticed Jessica
  2926 | D:3      | Killed Jessica
  3217 | D:3      | Reached XP level 6. HP: 32/32 MP: 5/12
  3224 | D:3      | Learned a level 5 spell: Fireball
  3381 | D:3      | Reached skill level 7 in Conjurations
  3539 | D:4      | Got a brightly glowing dagger
  3546 | D:4      | Noticed Sigmund
  3591 | D:4      | Identified the +6 dagger of Stickiness {pierce, rF+} (You found it on level 4 of the Dungeon)
  4169 | D:4      | Killed Sigmund
  4169 | D:4      | Reached skill level 8 in Conjurations
  4169 | D:4      | Reached XP level 7. HP: 36/36 MP: 2/13
  4924 | D:4      | Reached skill level 9 in Conjurations
  5091 | D:4      | Found a deep blue altar of Sif Muna.
  5184 | D:4      | Became a worshipper of Sif Muna the Loreminder
  5561 | D:5      | Entered Level 5 of the Dungeon
  5646 | D:5      | Found Jusef's Assorted Antiques.
  5912 | D:5      | Found a glowing silver altar of Zin.
  5916 | D:5      | Found a radiant altar of Vehumet.
  5919 | D:5      | Found a glowing golden altar of the Shining One.
  5977 | D:5      | Reached skill level 10 in Conjurations
  6238 | D:5      | Found a glowing golden altar of the Shining One.
  6324 | D:5      | Reached XP level 8. HP: 36/41 MP: 6/14
  6802 | D:5      | Reached * piety under Sif Muna
  7296 | D:6      | Noticed Dowan
  7871 | D:6      | Reached skill level 11 in Conjurations
  8532 | D:6      | Reached ** piety under Sif Muna
  8630 | D:6      | Reached skill level 12 in Conjurations
  8736 | D:5      | Found a staircase to the Ecumenical Temple.
  8749 | Temple   | Entered the Ecumenical Temple
  9226 | D:6      | Noticed Duvessa
  9228 | D:6      | Killed Dowan
  9281 | D:6      | Killed Duvessa
  9281 | D:6      | Reached XP level 9. HP: 27/45 MP: 0/15
  9672 | D:6      | Gained mutation: Your flesh is heat resistant. (rF+) [potion of mutation]
  9672 | D:6      | Gained mutation: You are frail. (-10% HP) [potion of mutation]
  9672 | D:6      | Gained mutation: You have sharp toenails. [potion of mutation]
  9746 | D:7      | Found a deep blue altar of Sif Muna.
 10073 | D:7      | Reached skill level 13 in Conjurations
 10380 | D:7      | Found a runed door.
 10387 | D:7      | Noticed Crazy Yiuf
 10392 | D:7      | Killed Crazy Yiuf
 10734 | D:7      | Got a bloodstained robe
 10735 | D:7      | Identified the +1 robe of Refuge {rElec rF+ rC-} (You found it on level 7 of the Dungeon)
 10930 | D:7      | Noticed Joseph
 11775 | D:8      | Noticed a two-headed ogre
 11797 | D:8      | Demolished by a two-headed ogre

Skill      XL: |  1  2  3  4  5  6  7  8  9 |
---------------+----------------------------+-----
Conjurations   | 2 3 4 5 6 8 10 12 13 | 13.6
Dodging        | |  2.4
Stealth        | |  2.4
Spellcasting   | |  3.0
Fire Magic     | |  3.2

Action                   |  1- 3 |  4- 6 |  7- 9 || total
-------------------------+-------+-------+-------++-------
Melee: Dagger            |       |     9 |    14 ||    23
Throw: Stone             |    19 |    15 |     9 ||    43
 Cast: Flame Tongue      |    64 |    73 |   224 ||   361
       Throw Flame       |     6 |    13 |    12 ||    31
       Conjure Flame     |       |     7 |    48 ||    55
       Fireball          |       |     1 |    11 ||    12
  Use: Scroll            |       |       |    17 ||    17
       Potion            |       |       |    14 ||    14
  Eat: Chunk             |     3 |     8 |    18 ||    29
       Meat ration       |       |       |     2 ||     2
       Fruit             |       |       |     2 ||     2
       Royal jelly       |       |       |     1 ||     1
Armor: Robe              |     2 |     1 |    21 ||    24
Dodge: Dodged            |     9 |    12 |    54 ||    75
